AoeStats
← Gurk Han

Arena

508683158Analyzed
2v2 RM · 8d ago on Sep 23, 2026· 48m 29s· 4 players
Game mode
Random Map
Map size
Medium (4 player)
Population
200
Speed
Normal
Resources
Standard
Victory
Conquest
Starting age
Dark Age
Ending age
Imperial Age
RankedLock teamsTeams togetherTeam positionsShared explorationLock speedFull tech treeHidden civsTurbo modeCheats
Victory
Defeat
🇹🇷 Franks · Türkiye
898
+14
🇹🇷 Spanish · Türkiye
896
+14
🇺🇸 Khitans · United States
854
-14
🇻🇳 Franks · Vietnam
842
-14
alejonone17
11:33 Feudal Age
17:34 Castle Age
16:11 Stone Mining
16:09 Double-Bit Axe
16:09 Domestication
17:58 Wheelbarrow
17:29 Gold Mining
20:38 Scale Barding Armor
22:41 Husbandry
23:33 Forging
25:03 Fletching
26:26 Hand Cart
29:42 Scale Mail Armor
36:00 Iron Casting
37:08 Chain Barding Armor
38:24 Crossbowman
39:55 Chain Mail Armor
42:16 Man-at-Arms
42:42 Gambesons
42:27 Elite Skirmisher
AnnieQN
7:34 Loom
11:43 Feudal Age
12:13 Double-Bit Axe
18:30 Castle Age
24:12 Scale Barding Armor
26:18 Gold Mining
33:35 Forging
37:29 Chain Barding Armor
40:29 Stone Mining
41:47 Iron Casting
47:41 Imperial Age
THE BRONZE BOMBER
11:54 Feudal Age
16:03 Castle Age
14:54 Double-Bit Axe
14:58 Loom
16:09 Gold Mining
20:57 Bow Saw
21:51 Forging
21:51 Scale Mail Armor
31:44 Imperial Age
28:40 Pikeman
29:27 Squires
30:25 Fletching
31:44 Iron Casting
31:38 Chain Mail Armor
36:58 Blast Furnace
36:31 Plate Mail Armor
39:00 Elite Throwing Axeman
40:57 Conscription
43:22 Halberdier
46:13 Hoardings
46:36 Scale Barding Armor
48:53 Wheelbarrow
Gurk Han
8:27 Loom
11:25 Feudal Age
15:44 Castle Age
27:57 Pikeman
28:38 Squires
33:39 Wheelbarrow
40:21 Town Watch
Connection lost

Rejoining the realm…

Still unreachable

The connection could not be restored.

Session expired

The server has moved on; the page needs a fresh start.